 Dungeon Crawl Stone Soup version 0.27.0-1-g7a089689b8 (webtiles) character file.

Game seed: 2749291262761424547

2679 Spaninq the Nimble (level 9, -10/47 HPs)
             Began as a Spriggan Gladiator on Aug 11, 2021.
             Was an Initiate of Qazlal.
             Shot with an arrow by a centaur warrior (17 damage)
             ... on level 8 of the Dungeon.
             The game lasted 00:22:07 (8210 turns).

Spaninq the Nimble (Spriggan Gladiator)             Turns: 8210, Time: 00:22:07

Health: -10/47     AC:  6    Str: 13    XL:     9   Next: 37%
Magic:  10/10      EV: 23    Int: 11    God:    Qazlal [......]
Gold:   294        SH:  0    Dex: 17    Spells: 8/8 levels left

rFire    . . .     SeeInvis +   o - +3 quarterstaff (chaos)
rCold    . . .     Faith    .   (shield currently unavailable)
rNeg     + + .     Spirit   .   b - +0 robe
rPois    .         Reflect  .   c - +1 hat
rElec    .         Harm     .   z - +2 cloak
rCorr    .         Rampage  .   (gloves unavailable)
Will     ++...                  (boots unavailable)
Stlth    ++........             j - amulet of the Louse {rN++ Regen+ Int+2}
HPRegen  1.15/turn              x - ring of willpower
MPRegen  0.12/turn              (no ring)

@: very quick
A: very small, no large weapons, unfitting armour, see invisible, speed 3
a: Renounce Religion


You were on level 8 of the Dungeon.
You worshipped Qazlal.
Qazlal was noncommittal.
You visited 2 branches of the dungeon, and saw 9 of its levels.
You also visited: Ossuary.

You collected 294 gold pieces.

Inventory:

Hand Weapons
 o - a +3 quarterstaff of chaos (weapon)
 A - a +0 shortbow
Missiles
 a - 89 arrows
 d - 5 throwing nets
 h - 8 atropa-tipped darts
 w - 7 poisoned darts (quivered)
Armour
 b - a +0 robe (worn)
 c - a +1 hat (worn)
 z - a +2 cloak (worn)
Jewellery
 j - the amulet of the Louse (around neck) {rN++ Regen+ Int+2}
   (You acquired it on level 3 of the Dungeon)

   [amulet of regeneration]

   Int:       It affects your intelligence (+2).
   rN:        It greatly protects you from negative energy.
   Regen:     It increases your rate of health regeneration.
 x - a ring of willpower (left hand)
Wands
 l - a wand of flame (15)
 n - a wand of digging (4)
 q - a wand of mindburst (39)
Scrolls
 y - 2 scrolls of teleportation
 B - a scroll of fog
Potions
 e - a potion of mutation
 f - 4 potions of flight
 g - 3 potions of heal wounds
 i - 4 potions of haste
 k - 2 potions of might
 m - 3 potions of curing
 p - a potion of lignification {unknown}
 r - a potion of magic {unknown}
 s - a potion of attraction {unknown}
 t - a potion of resistance {unknown}
 v - 2 potions of degeneration {unknown}


   Skills:
 + Level 5.5 Fighting
 * Level 7.3 Staves
 - Level 2.0 Throwing
 + Level 9.3 Dodging


You had 8 spell levels left.
You didn't know any spells.
Your spell library contained the following spells:

 Spells                   Type           Power      Damage    Failure   Level
 Beastly Appendage        Tmut           0%         N/A       34%         1
 Slow                     Hex            0%         N/A       47%         2
 Wereblood                Tmut           0%         N/A       47%         2
 Confusing Touch          Hex            0%         N/A       71%         3
 Spider Form              Tmut/Pois      0%         N/A       71%         3
 Vampiric Draining        Necr           0%         2d6       71%         3


Dungeon Overview and Level Annotations

Branches:
Dungeon (8/15)             Temple (1/1) D:7         Ossuary (visited)
   Lair: D:8-11

Altars:
Ashenzari
Cheibriados
Elyvilon
Fedhas
Gozag
Hepliaklqana
Kikubaaqudgha
Makhleb
Nemelex Xobeh
Okawaru
Qazlal
Ru
Sif Muna
Trog
Uskayaw
Vehumet
Wu Jian
Xom
Yredelemnul
Zin
The Shining One

Shops:
D:3 ([!?=


Innate Abilities, Weirdness & Mutations

You are very small and have problems with some larger weapons.
You are too small for most types of armour.
You have supernaturally acute eyesight. (SInv)
You cover ground extremely quickly. (Speed+++)


Message History

The centaur warrior hits you!
The centaur warrior completely misses you.
You hit the centaur warrior. You drain the centaur warrior.
The centaur warrior is moderately wounded.
The centaur warrior closely misses you.
The centaur warrior kicks you but does no damage.
The centaur warrior misses you. x2
You closely miss the centaur warrior.
The centaur warrior is moderately wounded.
The centaur warrior barely misses you. x2
The wyvern hisses angrily.
You hit the centaur warrior.
The centaur warrior is moderately wounded.
The centaur warrior hits you but does no damage.
The centaur warrior completely misses you.
You closely miss the centaur warrior.
The centaur warrior is moderately wounded.
The centaur warrior barely misses you.
The centaur warrior kicks you but does no damage.
The centaur warrior hits you but does no damage.
The centaur warrior kicks you but does no damage.
You sock the centaur warrior!
The centaur warrior is severely wounded.
The centaur warrior completely misses you.
The centaur warrior barely misses you.
You thump the centaur warrior!
The centaur warrior is severely wounded.
The centaur warrior wields a +0 shortbow.
The centaur warrior shoots an arrow.
The arrow hits you!!
Ouch! That really hurt!
* * * LOW HITPOINT WARNING * * *
The centaur warrior hits you.
* * * LOW HITPOINT WARNING * * *
The centaur warrior kicks you.
* * * LOW HITPOINT WARNING * * *
An eight-headed hydra comes into view.
The eight-headed hydra roars!
The centaur warrior wields a +0 longbow.
The centaur warrior shoots an arrow.
The arrow hits you!
You die...

#..#.# #..#.#
..? #..#)# ....
#..#(#.....
#...(D(.....
#####l.(.l.....
#cc.KK.......(y
#.####.........
#@# #..######.
#.# #..# #.#
#..# #.# #..#
#.# ..# #<# #.#
..# .###


You could see 2 centaur warriors.

Vanquished Creatures
  A wraith (D:7)
  A steam dragon (D:6)
  2 black bears
  An orc warrior (D:6)
  An ice beast (D:7)
  3 sky beasts
  A necrophage (D:4)
  2 ogres
  A centaur (D:7)
  2 kobold brigands
  A wyvern zombie (D:5)
  5 scorpions
  A water moccasin skeleton (D:3)
  A howler monkey (D:7)
  A human zombie (Ossuary)
  2 bullfrog zombies (D:6)
  A centaur zombie (Ossuary)
  3 jellies
  Crazy Yiuf (D:4)
  3 hounds
  2 centaur skeletons
  A bullfrog skeleton (D:3)
  An iguana (D:4)
  A killer bee zombie (D:7)
  A hound skeleton (D:4)
  2 mummies (Ossuary)
  A howler monkey zombie (D:8)
  9 gnolls
  10 adders
  A shadow imp (D:5)
  A white imp (D:3)
  An ufetubus (D:4)
  3 adder zombies (Ossuary)
  4 worms
  2 dart slugs
  8 orcs
  5 bats
  3 endoplasms
  A giant cockroach (D:2)
  7 goblins
  7 hobgoblins
  4 jackals (D:2)
  11 kobolds
  2 quokkas
  13 ball pythons
  3 frilled lizards
  2 goblin zombies
  10 hobgoblin zombies (Ossuary)
  3 jackal zombies (Ossuary)
  9 kobold zombies (Ossuary)
  9 orc zombies (Ossuary)
  A quokka zombie (D:5)
  3 rats
175 creatures vanquished.

Notes
Turn   | Place    | Note
-------+----------+-------------------------------------------
     0 | D:1      | Spaninq the Spriggan Gladiator began the quest for the Orb.
     0 | D:1      | Reached XP level 1. HP: 10/10 MP: 2/2
   880 | D:1      | Reached XP level 2. HP: 15/15 MP: 3/3
   912 | D:1      | Found a faded altar of an unknown god.
  1583 | D:2      | Found a bloodstained altar of Trog.
  1724 | D:2      | Reached XP level 3. HP: 18/18 MP: 4/4
  2486 | D:2      | Reached XP level 4. HP: 23/23 MP: 5/5
  2874 | D:3      | Found Rypriwin's Weapon Boutique.
  2879 | D:3      | Reached skill level 5 in Dodging
  3187 | D:3      | Reached XP level 5. HP: 27/27 MP: 6/6
  3348 | D:3      | Identified a scroll of acquirement
  3348 | D:3      | Acquired the amulet of the Louse {rN++ Regen+ Int+2}
  3418 | D:3      | Found Tome's Magic Scroll Shop.
  3421 | D:3      | Found Bokhlaid's Jewellery Emporium.
  3468 | D:3      | Found Coqac's Distillery.
  3469 | D:3      | Found Zenoopt's Armour Boutique.
  3808 | D:4      | Found a sparkling altar of Nemelex Xobeh.
  3872 | D:4      | Reached XP level 6. HP: 27/32 MP: 7/7
  4134 | D:4      | Reached skill level 6 in Dodging
  4420 | D:4      | Found an ornate altar of the Wu Jian Council.
  4512 | D:4      | Found a runed translucent door.
  4513 | D:4      | Noticed Crazy Yiuf
  4578 | D:4      | Killed Crazy Yiuf
  4579 | D:4      | Reached XP level 7. HP: 31/36 MP: 8/8
  4842 | D:5      | Entered Level 5 of the Dungeon
  4926 | D:5      | Noticed an angel
  4927 | D:5      | Found a shimmering altar of Xom.
  4927 | D:5      | Found a glowing silver altar of Zin.
  5029 | D:5      | Found a sand-covered staircase.
  5047 | Ossuary  | Entered an ossuary
  5056 | Ossuary  | Reached skill level 5 in Staves
  5266 | Ossuary  | Reached skill level 7 in Dodging
  5397 | D:5      | Reached XP level 8. HP: 42/42 MP: 9/9
  6095 | D:6      | Reached skill level 8 in Dodging
  6552 | D:6      | Reached skill level 5 in Fighting
  6594 | D:6      | Reached XP level 9. HP: 42/47 MP: 10/10
  6970 | D:7      | Reached skill level 9 in Dodging
  7194 | D:7      | Found a staircase to the Ecumenical Temple.
  7199 | Temple   | Entered the Ecumenical Temple
  7496 | Temple   | Became a worshipper of Qazlal Stormbringer
  8113 | D:8      | Noticed a deep elf pyromancer
  8114 | D:8      | Noticed a deep elf pyromancer
  8114 | D:8      | Noticed a centaur warrior
  8122 | D:8      | Noticed a centaur warrior
  8209 | D:8      | Noticed an eight-headed hydra
  8210 | D:8      | Shot with an arrow by a centaur warrior

Illustrated notes

Levels and vault maps discovered:
D:1:      onia_arrival_pyramid, layout_basic, shapermc_ecumenical_altar_pompeii
D:2:      layout_basic, basic_altar, minmay_snake_closets
D:3:      layout_basic, serial_shops, shop, shop, nicolae_shop_crystal, shop,
          nicolae_shop_waterfront
D:4:      layout_loops_ring, nicolae_overflow_hidden_temple,
          uniq_crazy_yiuf_cottage
D:5:      layout_loops_ring, grunt_temple_overflow_order_and_chaos_1,
          enter_ossuary_4, minmay_diced_spiral
D:6:      layout_basic
D:7:      layout_cave_pods, minmay_temple_entry_trees, amcnicky_mini_pool_small,
          nicolae_underground_beach
D:8:      minmay_cut_squares, layout_loops_ring, gammafunk_ghost_nasty_kobolds,
          serial_shops, shop, chequers_serial_rivers_small_3, grunt_livestock,
          uniq_maurice
Temple:   minmay_temple_bridge_d

Skill      XL: |  1  2  3  4  5  6  7  8  9 |
---------------+----------------------------+-----
Fighting       | 2 3 4 5 |  5.5
Staves         | 3 4 5 6 7 |  7.3
Dodging        | 5 6 7 8 9 |  9.3
Throwing       | |  2.0

Action                   |  1- 3 |  4- 6 |  7- 9 || total
-------------------------+-------+-------+-------++-------
Melee: Quarterstaff      |   131 |   182 |   324 ||   637
Throw: Dart              |       |       |     5 ||     5
  Use: Scroll            |     4 |     8 |     5 ||    17
 Stab: Sleeping          |     4 |     1 |     3 ||     8
       Paralysed         |       |       |     3 ||     3
       Petrified         |       |       |     4 ||     4
       Confused          |       |       |     1 ||     1
Armor: Robe              |     7 |    17 |    29 ||    53
Dodge: Dodged            |   121 |   137 |   278 ||   536
